 Dungeon Crawl Stone Soup version 0.20.0-8-g6b59dc7 (webtiles) character file.

129 IcySystem the Chiller (level 5, -1/31 HPs)
             Began as an Octopode Ice Elementalist on May 30, 2017.
             Slain by an orc wizard
             ... wielding a +0 dagger
              (2 damage)
             ... on level 3 of the Dungeon.
             The game lasted 00:10:53 (3579 turns).

IcySystem the Chiller (Octopode Ice Elementalist)   Turns: 3579, Time: 00:10:54

Health: -1/31      AC:  2    Str:  8    XL:     5   Next: 12%
Magic:  6/8        EV: 13    Int: 18    God:
Gold:   206        SH:  0    Dex: 12    Spells: 2/8 levels left

rFire    . . .     SeeInvis .   c - +0 short sword
rCold    . . .     Gourm    .   (no shield)
rNeg     . . .     Faith    .   (helmet restricted)
rPois    .         Spirit   .   (no amulet)
rElec    .         Reflect  .   n - +1 ring of protection
rCorr    .         Harm     .   (no ring)
MR       .....                  (no ring)
Stlth    ++........             (no ring)
Regen    0.1/turn               (no ring)
MPRegen  0.2/turn               (no ring)
                                (no ring)
                                (no ring)

@: confused
A: almost no armour, stealthy swim, amphibious, 8 rings, constrict 8, camouflage
1, gelatinous body 1
a: no special abilities


You were on level 3 of the Dungeon.
You were hungry.

You visited 1 branch of the dungeon, and saw 3 of its levels.

You collected 206 gold pieces.

Inventory:

Hand Weapons
 c - a +0 short sword (weapon)
Missiles
 e - 115 stones (quivered)
Jewellery
 n - a +1 ring of protection (left tentacle)
Wands
 q - a wand of acid (10/15)
Scrolls
 g - 3 scrolls of identify {unknown}
 i - 2 scrolls of amnesia {unknown}
 j - 2 scrolls of immolation {unknown}
 l - a scroll of fear {unknown}
 m - a scroll of enchant weapon {unknown}
 p - 2 scrolls of magic mapping {unknown}
 r - a scroll of remove curse {unknown}
 s - a scroll of recharging {unknown}
Potions
 h - a potion of lignification {unknown}
 k - a potion of resistance {unknown}
 o - 2 potions of heal wounds {unknown}
Books
 a - a book of Frost

   Spells                             Type                      Level
   a - Freeze                         Ice                          1
   b - Throw Frost                    Conjuration/Ice              2
   c - Ozocubu's Armour               Charms/Ice                   3
   d - Throw Icicle                   Conjuration/Ice              4
   e - Summon Ice Beast               Ice/Summoning                4
Comestibles
 b - 3 bread rations
 d - 3 meat rations
 f - 3 chunks of flesh


   Skills:
 + Level 0.0 Fighting
 + Level 2.0 Dodging
 - Level 2.6 Stealth
 + Level 2.0 Spellcasting
 + Level 1.0 Conjurations
 + Level 5.6 Ice Magic


You had 2 spell levels left.
You knew the following spells:

 Your Spells              Type           Power        Failure   Level  Hunger
a - Freeze                Ice            ###.         1%          1    #......
b - Throw Frost           Conj/Ice       ##....       7%          2    ###....
c - Ozocubu's Armour      Chrm/Ice       ##......     17%         3    ###....


Dungeon Overview and Level Annotations

Branches:
Dungeon (3/15)

Altars:
Dithmenos
Kikubaaqudgha
Ru
The Shining One

Annotations:
D:2 Terence


Innate Abilities, Weirdness & Mutations

You cannot wear most types of armour.
You are very stealthy in the water. (Stealth+)
You are amphibious.
You can wear up to eight rings at the same time.
You can use your tentacles to constrict eight enemies at once.
Your skin changes colour to match your surroundings (Stealth+).
Your rubbery body absorbs attacks. (AC +1, EV +1)


Message History

Deactivating autopickup; reactivate with Ctrl-A.
You're too confused to cast spells.
You bump into the rock wall.
Something hits you.
You're too confused to move!
Something hits you but does no damage.
You miss something.
You hear some strange, mumbled words.
A puff of flame appears from out of thin air!
The puff of flame hits you!
* * * LOW HITPOINT WARNING * * *
You feel less confused.
A magic dart appears from out of thin air!
The magic dart hits you!
* * * LOW HITPOINT WARNING * * *
You hear some strange, mumbled words.
You are confused.
You hear some strange, mumbled words.
You are more confused.
Something completely misses you.
You bump into the rock wall.
Something hits you.
You die...

# #)# #.# #.# # #≈_≈# #.#
#.# #.# # #...# #.# #.# #.#
######.≈.# #.# #.#######.#
....##...###.####.......#>#
###.##.≈.#...>............#
# #<##...###.##########.###
###.##.≈.# #.###### #.#
.##.##...###....@.# #.#
.#...≈.≈.≈#######.# #.#
......≈.≈.# #.# #.#######
##...##...# #.# #.......#
###.###..### #†# #######.#
###.##.....# #.# #.#
....##.###.######.# #.#
..................# #.#
.####.####.######## #.#


There were no monsters in sight!

Vanquished Creatures
  An orc priest (D:3)
  An adder (D:2)
  2 oozes
  2 worms (D:2)
  4 dart slugs
  5 orcs (D:3)
  A giant cockroach (D:3)
  7 hobgoblins
  14 kobolds
  2 quokkas
  2 ball pythons
  8 bats
  3 frilled lizards
  7 goblins
  8 rats
67 creatures vanquished.

Notes
Turn   | Place    | Note
-------+----------+-------------------------------------------
     0 | D:1      | IcySystem the Octopode Ice Elementalist began the quest for the Orb.
     0 | D:1      | Reached XP level 1. HP: 11/11 MP: 3/3
   570 | D:1      | Reached XP level 2. HP: 12/17 MP: 3/5
  1136 | D:1      | Reached skill level 4 in Ice Magic
  1136 | D:1      | Reached XP level 3. HP: 18/21 MP: 0/6
  1220 | D:1      | Learned a level 2 spell: Throw Frost
  2193 | D:2      | Reached XP level 4. HP: 27/27 MP: 5/7
  2245 | D:2      | Learned a level 3 spell: Ozocubu's Armour
  2564 | D:2      | Found a shadowy altar of Dithmenos.
  2583 | D:2      | Reached skill level 5 in Ice Magic
  2772 | D:2      | Noticed Terence
  2799 | D:2      | Found a glowing golden altar of the Shining One.
  3116 | D:3      | Reached XP level 5. HP: 23/31 MP: 3/8
  3270 | D:3      | Found an ancient bone altar of Kikubaaqudgha.
  3519 | D:3      | Found a sacrificial altar of Ru.
  3573 | D:3      | HP: 1/31 [something/magic dart (8)]
  3579 | D:3      | Slain by an orc wizard

Skill      XL: |  1  2  3  4 |
---------------+-------------+-----
Ice Magic      | 4 5 |  5.6
Dodging        | |  2.0
Stealth        | |  2.6
Spellcasting   | |  2.0
Conjurations   | |  1.0

Action                   |  1- 3 |  4- 6 || total
-------------------------+-------+-------++-------
Melee: Short sword       |    20 |    27 ||    47
       Constrict         |     8 |     5 ||    13
       Tentacles         |     3 |     5 ||     8
Throw: Stone             |    58 |     9 ||    67
 Cast: Freeze            |    38 |    21 ||    59
       Throw Frost       |     9 |    21 ||    30
       Ozocubu's Armour  |       |     1 ||     1
 Stab: Sleeping          |     1 |     4 ||     5
  Eat: Chunk             |     4 |     6 ||    10
       Fruit             |     1 |       ||     1
Armor: Skin              |     2 |     5 ||     7
Dodge: Dodged            |    31 |    31 ||    62
